AoeStats
← Shedoshuken

Enclosed

504567919Analyzed
1v1 RM · 25d ago on Sep 5, 2026· 31m 17s· 2 players
Game mode
Random Map
Map size
Tiny (2 player)
Population
200
Speed
Normal
Resources
Standard
Victory
Conquest
Starting age
Dark Age
Ending age
Imperial Age
RankedLock teamsTeams togetherTeam positionsShared explorationLock speedFull tech treeHidden civsTurbo modeCheats
Victory
Defeat
🇨🇳 Persians · China
1024
+15
🇺🇸 Japanese · United States
1004
-42
Shedoshuken
1:46 Loom
13:23 Feudal Age
16:20 Fletching
16:33 Scale Mail Armor
18:26 Man-at-Arms
19:06 Arson
19:35 Forging
22:33 Wheelbarrow
27:06 Castle Age
25:12 Double-Bit Axe
25:12 Horse Collar
28:07 Hand Cart
明妃王樯
6:40 Loom
9:38 Feudal Age
10:03 Double-Bit Axe
13:16 Horse Collar
15:15 Forging
22:24 Castle Age
21:02 Fletching
21:18 Gold Mining
22:25 Padded Archer Armor
23:14 Bow Saw
23:42 Gold Shaft Mining
23:09 Heavy Plow
22:41 Crossbowman
25:35 Wheelbarrow
27:25 Bodkin Arrow
28:45 Hand Cart
30:13 Fervor
Connection lost

Rejoining the realm…

Still unreachable

The connection could not be restored.

Session expired

The server has moved on; the page needs a fresh start.